 Dungeon Crawl Stone Soup version 0.24-a0-528-g98e85ec62a (webtiles) character file.

Game seed: 4767349385333180947

6476 BinkBink the Carver (level 10, -12/94 HPs)
             Began as a Deep Dwarf Berserker on Aug 5, 2019.
             Was a Follower of Trog.
             Mangled by a death yak (17 damage)
             ... on level 10 of the Dungeon.
             The game lasted 00:20:36 (7577 turns).

BinkBink the Carver (Deep Dwarf Berserker)          Turns: 7577, Time: 00:20:37

Health: -12/94     AC: 22    Str: 23    XL:     10   Next: 68%
Magic:  0/0        EV:  9    Int:  9    God:    Trog [*.....]
Gold:   539        SH:  4    Dex: 12    Spells: 9/9 levels left

rFire    . . .     SeeInvis .   a - +0 falchion
rCold    . . .     Gourm    .   l - +0 buckler {AC+3}
rNeg     . . .     Faith    .   b - +3 chain mail
rPois    .         Spirit   .   (no helmet)
rElec    .         Reflect  .   (no cloak)
rCorr    .         Harm     .   e - +0 pair of gloves
MR       +....                  (no boots)
Stlth    ..........             x - amulet of magic regeneration
HPRegen  0.00/turn              D - +5 ring of protection
MPRegen  0.32/turn              (no ring)

@: berserk cooldown, non-regenerating, slowed, heavily drained, very slow
A: damage resistance, heal wounds, sense surroundings 2, no regeneration
a: Heal Wounds, Berserk, Renounce Religion


You were on level 10 of the Dungeon.
You worshipped Trog.
Trog was aware of your devotion.
You were not hungry.

You visited 1 branch of the dungeon, and saw 10 of its levels.

You collected 539 gold pieces.

Inventory:

Hand Weapons
 a - a +0 falchion (weapon)
Armour
 b - a +3 chain mail (worn)
 e - a +0 pair of gloves (worn)
 l - a +0 buckler of protection (worn)
 E - a +0 pair of gloves
Jewellery
 x - an amulet of magic regeneration (around neck)
 D - a +5 ring of protection (left hand)
 J - an uncursed amulet of the gourmand {unknown}
 K - an uncursed ring of ice {unknown}
Wands
 C - a wand of polymorph (10)
 F - a wand of scattershot (9)
Scrolls
 d - 3 scrolls of remove curse {unknown}
 j - 4 scrolls of identify {unknown}
 m - a scroll of immolation {unknown}
 n - 6 scrolls of teleportation {unknown}
 o - 3 scrolls of blinking {unknown}
 r - 2 scrolls of amnesia {unknown}
 s - 3 scrolls of enchant armour {unknown}
 v - 2 scrolls of fear {unknown}
 y - 2 scrolls of fog {unknown}
 z - a scroll of magic mapping {unknown}
 B - a scroll of holy word {unknown}
 G - a scroll of noise {unknown}
Potions
 f - 2 potions of brilliance {unknown}
 g - 2 potions of lignification {unknown}
 h - 6 potions of curing {unknown}
 i - 4 potions of mutation {unknown}
 k - 2 potions of haste {unknown}
 p - 2 potions of heal wounds {unknown}
 q - a potion of berserk rage {unknown}
 t - a potion of ambrosia {unknown}
 u - 2 potions of agility {unknown}
 w - a potion of flight {unknown}
 A - a potion of might {unknown}
 H - a potion of magic {unknown}
Comestibles
 c - 24 rations


   Skills:
 + Level 7.0(4.7) Fighting
 + Level 11.1(8.5) Long Blades
 + Level 8.2(5.8) Armour
 + Level 5.1(2.9) Dodging
 + Level 1.0(0.0) Stealth
 + Level 5.6(3.3) Shields


You had 9 spell levels left.
You didn't know any spells.
Your spell library contained the following spells:

 Spells                   Type           Power        Failure   Level  Hunger
 Summon Small Mammal      Summ           #...         97%         1    ##.....
 Call Imp                 Summ           #.......     99%         2    ###....
 Call Canine Familiar     Summ           #.......     100%        3    ####...
 Summon Guardian Golem    Hex/Summ       #.......     100%        3    ####...
 Summon Ice Beast         Ice/Summ       #.......     100%        4    #####..
 Summon Lightning Spire   Summ/Air       #.......     100%        4    #####..


Dungeon Overview and Level Annotations

Branches:
Dungeon (10/15)            Temple (0/1) D:7             Orc (0/2) D:10
   Lair: D:8-11

Altars:
Elyvilon
Kikubaaqudgha
Makhleb
Okawaru
Uskayaw
Vehumet
Xom
The Shining One

Shops:
D:8 [

Annotations:
D:10 exclusion: oklob plant


Innate Abilities, Weirdness & Mutations

You are resistant to damage.
You can heal yourself by infusing magical energy.
You passively map the area around you.
You do not regenerate.


Message History

The death yak gores you.
You hit the death yak but do no damage. The death yak gores you.
* * * LOW HITPOINT WARNING * * *
You feel a strong urge to attack something.
The hound stops to sniff the ground.
You closely miss the hound. The hound barely misses you.
You completely miss the hound. The hound barely misses you.
You feel a strong urge to attack something.
You are no longer berserk.
You are exhausted.
You feel yourself slow down.
The porcupine twitches its whiskers.
The hound closely misses you.
The death yak snorts and paws the ground.
The hound bites you. The death yak barely misses you.
There is an open door here.
You block the rat's attack. The rat barely misses you.
You closely miss the rat. The death yak gores you!!
You die...

### * *... .. ## ######### ###.#
#. .# #.......# #... #####. .# **
#......h########.#####..... >. ,
+......rYY@r).......†......
.######......r########'#####.....
.........######.(....rr..Y.....[.
.####.......#*#.....†............
rr..†..$....+,+./................
#####.......# #..................
#.......#*...................
#........?.?.....#........... *
#...#............#...........


You could see 2 death yaks, a porcupine, a hound, a quokka and a rat.

Vanquished Creatures
  A death yak (D:10)
  Nergalle (D:10)
  A troll (D:10)
  2 hippogriffs
  4 yaks (D:9)
  A steam dragon (D:8)
  Menkaure (D:6)
  A water moccasin (D:7)
  A porcupine (D:10)
  2 sky beasts (D:10)
  2 phantoms
  2 orc warriors
  A necrophage (D:9)
  4 ogres
  4 centaurs
  3 big kobolds (D:9)
  4 bullfrogs
  A water moccasin zombie (D:8)
  A wyvern skeleton (D:8)
  A scorpion (D:8)
  8 killer bees
  3 howler monkeys (D:8)
  3 crimson imps
  4 jellies
  5 hounds
  A bullfrog skeleton (D:4)
  3 orc priests (D:4)
  5 iguanas
  7 orc wizards
  A hell rat (D:10)
  6 worker ants
  2 killer bee zombies (D:6)
  3 hound skeletons
  3 worker ant zombies
  11 gnolls
  A river rat (D:10)
  12 adders
  2 oozes
  2 adder zombies
  2 adder skeletons (D:7)
  A worm (D:3)
  4 leopard geckos
  25 orcs
  A ball python (D:5)
  4 bats
  5 giant cockroaches
  7 goblins
  6 hobgoblins
  5 quokkas
  5 frilled lizards
  14 kobolds
  9 rats
208 creatures vanquished.

Vanquished Creatures (others)
  A quokka (D:8)
  A kobold (D:9)
2 creatures vanquished.

Grand Total: 210 creatures vanquished

Notes
Turn   | Place    | Note
-------+----------+-------------------------------------------
     0 | D:1      | BinkBink the Deep Dwarf Berserker began the quest for the
                  | Orb.
     0 | D:1      | Reached XP level 1. HP: 20/20 MP: 1/1
   135 | D:1      | Found a glowing golden altar of the Shining One.
   316 | D:1      | Reached XP level 2. HP: 24/27 MP: 2/2
   749 | D:2      | Reached XP level 3. HP: 21/33 MP: 3/3
  1076 | D:2      | Noticed a +0 dagger
  1077 | D:2      | Noticed a +0 dagger
  1078 | D:2      | Found a hide-covered altar of Uskayaw.
  1187 | D:2      | Reached skill level 4 in Long Blades
  1211 | D:2      | Reached ** piety under Trog
  1591 | D:3      | Reached XP level 4. HP: 42/42 MP: 4/4
  1833 | D:3      | Found a white marble altar of Elyvilon.
  2297 | D:4      | Reached XP level 5. HP: 41/49 MP: 5/5
  2358 | D:4      | Reached skill level 5 in Long Blades
  2412 | D:4      | Reached skill level 1 in Shields
  2471 | D:4      | Found an iron altar of Okawaru.
  2510 | D:4      | Reached XP level 6. HP: 44/56 MP: 6/6
  2765 | D:4      | Reached skill level 6 in Long Blades
  2931 | D:5      | Entered Level 5 of the Dungeon
  3398 | D:5      | Reached XP level 7. HP: 50/64 MP: 7/7
  4065 | D:6      | Reached skill level 7 in Long Blades
  4128 | D:6      | Noticed Menkaure
  4135 | D:6      | Killed Menkaure
  4135 | D:6      | Reached XP level 8. HP: 59/73 MP: 7/7
  4375 | D:7      | Reached skill level 5 in Armour
  4421 | D:7      | Found a staircase to the Ecumenical Temple.
  4560 | D:7      | Reached skill level 8 in Long Blades
  4619 | D:7      | Reached skill level 5 in Fighting
  4867 | D:7      | Noticed a hippogriff
  4906 | D:7      | Killed a hippogriff
  4906 | D:7      | Gained mutation: You passively map the area around you.
                  | [Deep Dwarf growth]
  4906 | D:7      | Reached XP level 9. HP: 49/81 MP: 7/7
  5138 | D:8      | Reached skill level 9 in Long Blades
  5360 | D:8      | Noticed a cyclops
  5361 | D:8      | Found the +8 lance "Wyrmbane" {slay drac, rPois rF+ rC+
                  | AC+3}
  5471 | D:8      | Found an ancient bone altar of Kikubaaqudgha.
  5540 | D:8      | Found Vafaugam's Armour Shop.
  5598 | D:8      | Noticed a cyan ugly thing
  5963 | D:9      | Found a radiant altar of Vehumet.
  6087 | D:9      | Reached skill level 10 in Long Blades
  6113 | D:9      | Reached XP level 10. HP: 37/92 MP: 7/7
  6431 | D:9      | Found a burning altar of Makhleb.
  6893 | D:10     | Entered Level 10 of the Dungeon
  6908 | D:10     | Found a shimmering altar of Xom.
  6908 | D:10     | Noticed an oklob plant
  7087 | D:10     | Found a staircase to the Orcish Mines.
  7206 | D:10     | Reached skill level 1 in Stealth
  7216 | D:10     | Reached skill level 5 in Shields
  7297 | D:10     | Noticed a death yak
  7303 | D:10     | Noticed a death yak
  7306 | D:10     | Noticed a death yak
  7357 | D:10     | Killed a death yak
  7387 | D:10     | Noticed Nergalle
  7517 | D:10     | Killed Nergalle
  7517 | D:10     | Reached skill level 11 in Long Blades
  7517 | D:10     | Reached skill level 5 in Dodging
  7577 | D:10     | Mangled by a death yak

Levels and vault maps discovered:
D:1:      dpeg_arrival_pits, layout_loops_ring, tso_metal_star
D:2:      layout_loops_corners, dancing_weapons_uskayaw, first_ration
D:3:      layout_rooms, elyvilon_altar_3, serial_rivers,
          chequers_serial_rivers_micro_e, chequers_serial_rivers_small_a,
          chequers_serial_rivers_room_b, chequers_serial_rivers_marsh,
          chequers_serial_rivers_small_b
D:4:      layout_loops_ring, okawaru_gym_becter
D:5:      layout_gridville
D:6:      layout_gridville, uniq_menkaure
D:7:      layout_loops_ring, minmay_temple_entry_sparse_star
D:8:      layout_basic, lemuel_zombie_altar_kikubaaqudgha, serial_shops,
          nicolae_shop_trees, grunt_ogre_cave, minivault_12
D:9:      layout_irregular_city, fiery_altar_vehumet,
          makhleb_blood_cavern_becter
D:10:     layout_basic, dpeg_lair_monsters, orc_0_dummy, lemuel_oklob_altar,
          uniq_nergalle, uniq_sonja

Skill      XL: |  1  2  3  4  5  6  7  8  9 10 |
---------------+-------------------------------+-----
Fighting       | 3 4 5 6 7 |  7.0
Long Blades    | 4 5 6 7 8 10 11 | 11.1
Shields        | 1 2 3 4 5 |  5.6
Dodging        | 3 4 5 |  5.1
Armour         | 3 4 6 7 8 |  8.2
Stealth        | 1 |  1.0

Action                   |  1- 3 |  4- 6 |  7- 9 | 10-12 || total
-------------------------+-------+-------+-------+-------++-------
Melee: Falchion          |   119 |   339 |   675 |   448 ||  1581
Invok: Trog's Hand       |     1 |    10 |    22 |    10 ||    43
       Berserk           |       |       |       |     2 ||     2
 Abil: Heal Wounds       |       |     1 |    10 |    12 ||    23
  Eat: Chunk             |     2 |    11 |     8 |     3 ||    24
       Ration            |       |       |     3 |     2 ||     5
Armor: Animal skin       |    22 |       |       |       ||    22
       Ring mail         |    34 |    41 |       |       ||    75
       Chain mail        |       |   133 |   428 |   244 ||   805
Dodge: Dodged            |    88 |   167 |   352 |   179 ||   786
Block: Buckler           |    14 |    41 |   147 |    98 ||   300
       Rpst.: Falchion   |    33 |    51 |   125 |    54 ||   263

Table legend:
 A = Non-vault XP
 B = Vault XP
 C = Vault XP percentage of total XP
 D = Non-vault monster count
 E = Vault monster count
 F = Vault count percentage of total count
                 A         B        C        D         E       F
            +---------+---------+-------+---------+---------+-------
      Total |    6993 |    2259 |  24.4 |     199 |       9 |   4.3
            +---------+---------+-------+---------+---------+-------
        D:1 |      21 |       0 |   0.0 |      14 |       0 |   0.0
        D:2 |      55 |       0 |   0.0 |      17 |       0 |   0.0
        D:3 |      40 |       0 |   0.0 |      14 |       0 |   0.0
        D:4 |     480 |       0 |   0.0 |      30 |       0 |   0.0
        D:5 |     243 |       0 |   0.0 |      11 |       0 |   0.0
        D:6 |     455 |     172 |  27.4 |      12 |       1 |   7.7
        D:7 |    1464 |       0 |   0.0 |      28 |       0 |   0.0
        D:8 |    1369 |     116 |   7.8 |      23 |       1 |   4.2
        D:9 |    1562 |     139 |   8.2 |      27 |       2 |   6.9
       D:10 |    1304 |    1832 |  58.4 |      23 |       5 |  17.9
            +---------+---------+-------+---------+---------+-------
